Workbook
Name Extrait_sec: 'Extrait sec'!$B$3:$B$93
Name extrait_sec2: OFFSET(Extrait_sec,,,,3)
Name fin: 'L-Arginine'!$A$5
Name frais: 'Main d''oeuvre et autre frais'!$A$2:$A$4
Name PLANTES: 'Extrait sec'!$K$3:$K$128
Name PRODUITS: 'Extrait sec'!$A$3:$A$10
Name SIPF: 'Extrait sec'!$H$3:$H$8
Name tisane: 'Main d''oeuvre et autre frais'!$D$2:$D$4
Name TM: 'Extrait sec'!$E$3:$E$79
Name TMf: 'Main d''oeuvre et autre frais'!$F$2

Sheet Recap
A2: Preparation | B2: Cout de revient | C2: Prix de vente theorique | D2: Prix GoldenGate | E2: Marge % | F2: Marge CHF
A3: L-Arginine | B3: ='L-Arginine'!G34:G34 -> 0 | C3: ='L-Arginine'!G33 -> #N/A | D3: 26.5 | E3: =F3/B3*100 -> #DIV/0! | F3: =D3-B3 -> 26.5

Sheet L-Arginine
B1: Nom de la Preparation | C1: L-Arginine
B3: Matiere premiere | C3: PA | D3: PV | E3: Qt par gelule en G | F3: Qt total en G | G3: Prix vente
A4: TM | B4: ACHILLEA MILLEFOLIUM | C4: =IFERROR(VLOOKUP($B4,OFFSET(INDIRECT($A4),,,,3),2,0),"") -> 0.04752 | D4: =IFERROR(VLOOKUP($B4,OFFSET(INDIRECT($A4),,,,3),3,0),"") -> 0.09504 | E4: 0.5 | F4: =0.5*60 -> 30 | G4: =F4*D4 -> 2.8512
C5: =IFERROR(VLOOKUP($B5,OFFSET(INDIRECT($A5),,,,3),2,0),"") | D5: =IFERROR(VLOOKUP($B5,OFFSET(INDIRECT($A5),,,,3),3,0),"") | G5: =IF(ISERROR(F5*D5),"",F5*D5)
C6: =IFERROR(VLOOKUP($B6,OFFSET(INDIRECT($A6),,,,3),2,0),"") | D6: =IFERROR(VLOOKUP($B6,OFFSET(INDIRECT($A6),,,,3),3,0),"") | G6: =IF(ISERROR(F6*D6),"",F6*D6)
C7: =IFERROR(VLOOKUP($B7,OFFSET(INDIRECT($A7),,,,3),2,0),"") | D7: =IFERROR(VLOOKUP($B7,OFFSET(INDIRECT($A7),,,,3),3,0),"") | G7: =IF(ISERROR(F7*D7),"",F7*D7)
C8: =IFERROR(VLOOKUP($B8,OFFSET(INDIRECT($A8),,,,3),2,0),"") | D8: =IFERROR(VLOOKUP($B8,OFFSET(INDIRECT($A8),,,,3),3,0),"") | G8: =IF(ISERROR(F8*D8),"",F8*D8)
C9: =IFERROR(VLOOKUP($B9,OFFSET(INDIRECT($A9),,,,3),2,0),"") | D9: =IFERROR(VLOOKUP($B9,OFFSET(INDIRECT($A9),,,,3),3,0),"") | G9: =IF(ISERROR(F9*D9),"",F9*D9)
C10: =IFERROR(VLOOKUP($B10,OFFSET(INDIRECT($A10),,,,3),2,0),"") | D10: =IFERROR(VLOOKUP($B10,OFFSET(INDIRECT($A10),,,,3),3,0),"") | G10: =IF(ISERROR(F10*D10),"",F10*D10)
C11: =IFERROR(VLOOKUP($B11,OFFSET(INDIRECT($A11),,,,3),2,0),"") | D11: =IFERROR(VLOOKUP($B11,OFFSET(INDIRECT($A11),,,,3),3,0),"") | G11: =IF(ISERROR(F11*D11),"",F11*D11)
C12: =IFERROR(VLOOKUP($B12,OFFSET(INDIRECT($A12),,,,3),2,0),"") | D12: =IFERROR(VLOOKUP($B12,OFFSET(INDIRECT($A12),,,,3),3,0),"") | G12: =IF(ISERROR(F12*D12),"",F12*D12)
C13: =IFERROR(VLOOKUP($B13,OFFSET(INDIRECT($A13),,,,3),2,0),"") | D13: =IFERROR(VLOOKUP($B13,OFFSET(INDIRECT($A13),,,,3),3,0),"") | G13: =IF(ISERROR(F13*D13),"",F13*D13)
C14: =IFERROR(VLOOKUP($B14,OFFSET(INDIRECT($A14),,,,3),2,0),"") | D14: =IFERROR(VLOOKUP($B14,OFFSET(INDIRECT($A14),,,,3),3,0),"") | G14: =IF(ISERROR(F14*D14),"",F14*D14)
C15: =IFERROR(VLOOKUP($B15,OFFSET(INDIRECT($A15),,,,3),2,0),"") | D15: =IFERROR(VLOOKUP($B15,OFFSET(INDIRECT($A15),,,,3),3,0),"") | G15: =IF(ISERROR(F15*D15),"",F15*D15)
C16: =IFERROR(VLOOKUP($B16,OFFSET(INDIRECT($A16),,,,3),2,0),"") | D16: =IFERROR(VLOOKUP($B16,OFFSET(INDIRECT($A16),,,,3),3,0),"") | G16: =IF(ISERROR(F16*D16),"",F16*D16)
... C28: =IFERROR(VLOOKUP($B28,OFFSET(INDIRECT($A28),,,,3),2,0),"") | D28: =IFERROR(VLOOKUP($B28,OFFSET(INDIRECT($A28),,,,3),3,0),"") | G28: =IF(ISERROR(F28*D28),"",F28*D28)
B29: Contenant | C29: Qt | D29: PA unit. | E29: PA Total | F29: PV unit. | G29: PV Tot.
A30: TMf | B30: Frais preparation | C30: 1 | F30: =LOOKUP(B30,tisane,'Main d''oeuvre et autre frais'!E1:E4) -> #N/A | G30: =F30*C30 -> #N/A
E33: Total de vente | G33: =SUM(G4:G32) -> #N/A
E34: Total de cout

Sheet Extrait sec
A1: Produits | B1: EXTRAIT SEC | E1: TEINTURE MERE | H1: SIPF | K1: PLANTES | N1: BMG | Q1: SPAGYRIE | T1: EPS
B2: Nom | C2: PA | D2: PV | E2: Nom | F2: PA | G2: PV | H2: Nom | I2: PA | J2: PV | K2: Nom | L2: PA | M2: PV | N2: Nom | O2: PA | P2: PV | Q2: Nom | R2: PA | S2: PV | T2: Nom | U2: PA | V2: PV
A3: extrait_sec | B3: Acerola _ES_250 g | C3: 0.23 | D3: 0.45 | E3: ACHILLEA MILLEFOLIUM | F3: =(44*1.08)/1000 -> 0.04752 | G3: =F3*2 -> 0.09504 | H3: ARTICHAUT BIO | I3: =(59.69*1.1*1.025)/1000 -> 0.067300475 | J3: =I3*2 -> 0.13460095 | K3: Dixa absinthe herbe coupé 500 g | L3: 0.015 | M3: 0.027 | N3: a | Q3: h | T3: o
A4: TM | B4: Acetylcarnitine_L_250 g | C4: 0.46 | D4: 0.93 | E4: AESCULUS HIPPOCASTANUM | F4: =(44*1.08)/1000 -> 0.04752 | G4: =F4*2 -> 0.09504 | H4: CASSIS | I4: =(59.69*1.1*1.025)/1000 -> 0.067300475 | J4: =I4*2 -> 0.13460095 | K4: Dixa acore vrai rhizome 1 kg | L4: 0.03 | M4: 0.054 | N4: b | Q4: i | T4: p
A5: SIPF | B5: Acetylcysteine_100g | C5: 0.37 | D5: 0.74 | E5: ALCHEMILLE VULGARIS | F5: =(44*1.08)/1000 -> 0.04752 | G5: =F5*2 -> 0.09504 | H5: FUCUS | I5: =(59.69*1.1*1.025)/1000 -> 0.067300475 | J5: =I5*2 -> 0.13460095 | K5: Dixa airelle baies 500g | L5: 0.056 | M5: 0.1008 | N5: c | Q5: j | T5: q
A6: PLANTES | B6: Acide folique 25 g | C6: 2.26 | D6: 4.51 | E6: ARCTIUM RADIX | F6: =(80*1.08)/1000 -> 0.0864 | G6: =F6*2 -> 0.1728 | H6: MARRON D'INDE | I6: =(59.69*1.1*1.025)/1000 -> 0.067300475 | J6: =I6*2 -> 0.13460095 | K6: Dixa airelle rouge feuilles coupées 1 kg | L6: 0.082 | M6: 0.1476 | N6: d | Q6: k | T6: r
A7: BMG | B7: Ail ES 250 g | C7: 0.21 | D7: 0.42 | E7: ARCTOSTAPHYLOS UVA-URSI | F7: =(52*1.08)/1000 -> 0.05616 | G7: =F7*2 -> 0.11232 | H7: PISSENLIT | I7: =(59.69*1.1*1.025)/1000 -> 0.067300475 | J7: =I7*2 -> 0.13460095 | K7: Dixa alchemille vulg herbe conc 500 g | L7: 0.031 | M7: 0.0558 | N7: e | Q7: l | T7: s
A8: SPAGYRIE | B8: Alchemille 100 g | C8: 0.51 | D8: 1.02 | E8: ARNICA | F8: =(41*1.08)/1000 -> 0.04428 | G8: =F8*2 -> 0.08856 | H8: PRELE | I8: =(59.69*1.1*1.025)/1000 -> 0.067300475 | J8: =I8*2 -> 0.13460095 | K8: Dixa alchemille vulg herbe coupée 300 g | L8: 0.043 | M8: 0.0774 | N8: f | Q8: m | T8: t
A9: EPS | B9: Aloe ES 250 g | C9: 0.35 | D9: 0.7 | E9: ARNICA MONTANA EX PLANTA | F9: =(64*1.08)/1000 -> 0.06912 | G9: =F9*2 -> 0.13824 | K9: Dixa alchemille vulg parties aériennes 1 kg | L9: 0.027 | M9: 0.0486 | N9: g | Q9: n | T9: u
B10: Arginin-L inf 1 kg | C10: 0.1373 | D10: 0.27 | E10: ARTHEMISIA ABSINTHIUM | F10: =(49*1.08)/1000 -> 0.05292 | G10: =F10*2 -> 0.10584 | K10: Dixa aneth semences entières nettoyées 1 kg | L10: 0.036 | M10: 0.0648
B11: Artichaut feuilles ES 250 g | C11: 0.33 | D11: 0.67 | E11: ARTHEMISIA VULGARIS | F11: =(57*1.08)/1000 -> 0.06156 | G11: =F11*2 -> 0.12312 | K11: Dixa angelique archangelique racines coupées 1 kg | L11: 0.033 | M11: 0.0594
B12: Bardane racine ES 250 g | C12: 0.29 | D12: 0.58 | E12: AVENA SATIVA | F12: =(44*1.08)/1000 -> 0.04752 | G12: =F12*2 -> 0.09504 | K12: Dixa anis étoile entier 500 g | L12: 0.036 | M12: 0.0648
B13: Beurre de karite 100gr | C13: 0.05 | D13: 0.1 | E13: BETULA PENDULA E FOLIIS | F13: =(44*1.08)/1000 -> 0.04752 | G13: =F13*2 -> 0.09504 | K13: Dixa anis vert concassé 1 kg | L13: 0.027 | M13: 0.0486
B14: Biotine VIT HI 1 g | C14: 18.54 | D14: 37.1 | E14: CALENDULA OFF | F14: =(41*1.08)/1000 -> 0.04428 | G14: =F14*2 -> 0.08856 | K14: Dixa anis vert LMB moulu 1 kg | L14: 0.023 | M14: 0.0414
B15: Boldo 250g | C15: 0.208 | D15: 0.535 | E15: CALLUMNA VULGARIS | F15: =(84*1.08)/1000 -> 0.09072 | G15: =F15*2 -> 0.18144 | K15: Dixa anserine herbe coupées 300 g | L15: 0.031 | M15: 0.0558
B16: Boswellia Serrata 100 g | C16: 0.46 | D16: 0.92 | E16: CARDIOSPERMUM HALICACABUM | F16: =(59*1.08)/1000 -> 0.06372 | G16: =F16*2 -> 0.12744 | K16: Dixa armoise herbe coupée 1 kg | L16: 0.027 | M16: 0.0486
B17: Calcium citrate 250g | C17: 0.107 | D17: 0.214 | E17: CENTAURIUM | F17: =(52*1.08)/1000 -> 0.05616 | G17: =F17*2 -> 0.11232 | K17: Dixa aronia noire baies entières 1 kg | L17: 0.051 | M17: 0.0918
B18: Carnitine fumarate L 250 g | C18: 0.4 | D18: 0.8 | E18: CENTELLA ASIATICA D1 | F18: =(49*1.08)/1000 -> 0.05292 | G18: =F18*2 -> 0.10584 | K18: Dixa artichaut feuilles coupées 1 kg | L18: 0.023 | M18: 0.0414
B19: Carnitine-L 200gr | C19: 0.33 | D19: 0.65 | E19: CETRATRIA ISLANDICA | F19: =(44*1.08)/1000 -> 0.04752 | G19: =F19*2 -> 0.09504 | K19: Dixa aubépines feuilles/fleurs coupées 1 kg | L19: 0.019 | M19: 0.0342
B20: Cassis feuille ES 250 g | C20: 0.32 | D20: 0.64 | E20: CIMICIFUGA RACEMOSA | F20: =(57*1.08)/1000 -> 0.06156 | G20: =F20*2 -> 0.12312 | K20: Dixa aunee officinales racines coupées 1 kg | L20: 0.03 | M20: 0.054
B21: Chardon marie semence ES 250 g | C21: 0.36 | D21: 0.72 | E21: CRATAEGUS E FOL. E FLO | F21: =(49*1.08)/1000 -> 0.05292 | G21: =F21*2 -> 0.10584 | K21: Dixa avoine paille coupée 1 kg | L21: 0.024 | M21: 0.0432
B22: Choline citrate 250 g | C22: 0.15 | D22: 0.31 | E22: CURCUMA LONGA D1 | F22: =(44*1.08)/1000 -> 0.04752 | G22: =F22*2 -> 0.09504 | K22: Dixa basilic feuilles coupes 1 kg | L22: 0.02 | M22: 0.036
B23: Chrome 2000 levures 100gr | C23: 0.099 | D23: 0.2 | E23: CYNARA SCOLYMU | F23: =(44*1.08)/1000 -> 0.04752 | G23: =F23*2 -> 0.09504 | K23: Dixa boldo feuilles coupées 1 kg | L23: 0.026 | M23: 0.0468
B24: Chrome III Chloride 250g | C24: 0.052 | D24: 0.105 | E24: DIOSCOREA VILLOSA | F24: =(64*1.08)/1000 -> 0.06912 | G24: =F24*2 -> 0.13824 | K24: Dixa bouillon blanc fleurs coupées 1 kg | L24: 0.046 | M24: 0.0828
B25: Coenzyme Q10 | C25: 4.7828 | D25: =C25*2 -> 9.5656
B26: Cranberry canneberge ES 250 g | C26: 0.26 | D26: 0.52 | E26: ECHINACEA PURPURE | F26: =(41*1.08)/1000 -> 0.04428 | G26: =F26*2 -> 0.08856 | K26: Dixa bouleau verruqueux feuilles couipées 1 kg | L26: 0.014 | M26: 0.0252
B27: Creatine 250 g | C27: 0.25 | D27: 0.51 | E27: ELEUTHEROCOCCUS SENTICOSUS | F27: =(41*1.08)/1000 -> 0.04428 | G27: =F27*2 -> 0.08856 | K27: Dixa bourdaine écorce coupée 1 kg | L27: 0.019 | M27: 0.0342
B28: Curcuma ES purifié 250 g | C28: 0.73 | D28: 1.46 | E28: EQUISETUM ARVENSE | F28: =(44*1.08)/1000 -> 0.04752 | G28: =F28*2 -> 0.09504 | K28: Dixa bourse à pasteur parties aériennes coupée 1 kg | L28: 0.023 | M28: 0.0414
B29: Curcuma ES purifié 95% 50 g | E29: EUCALYPTUS GLOBULUS D1 | F29: =(44*1.08)/1000 -> 0.04752 | G29: =F29*2 -> 0.09504 | K29: Dixa bruyere herbe avec fleurs coupée 500 g | L29: 0.022 | M29: 0.0396
B30: Cysteine L chlte 100 g | C30: 0.322 | D30: 0.65 | E30: EUPATORIUM PERFOLIATUM | F30: =(64*1.08)/1000 -> 0.06912 | G30: =F30*2 -> 0.13824 | K30: Dixa camomille fleurs entières 1 kg | L30: 0.031 | M30: 0.0558
B31: Desmodium ES 250 g | C31: 0.5 | D31: 1 | E31: FOENICULUM VULGARIS | F31: =(44*1.08)/1000 -> 0.04752 | G31: =F31*2 -> 0.09504 | K31: Dixa camomille matricaire fleurs entières 1 kg | L31: 0.031 | M31: 0.0558
B32: DHEA poudre 100 g | C32: 1.4 | D32: 2.8 | E32: FUMARIA OFFICINALIS (0.125L) | F32: =(27.85*1.08)/125 -> 0.240624 | G32: =F32*2 -> 0.481248 | K32: Dixa cannelle de ceylan écorce coupée 1 kg | L32: 0.026 | M32: 0.0468
B33: Eleutherocoque rac ES 100 g | C33: 0.43 | D33: 0.86 | E33: GINKGO BILOBA | F33: =(59*1.08)/1000 -> 0.06372 | G33: =F33*2 -> 0.12744 | K33: Dixa cardamome sans écale entière 1 kg | L33: 0.033 | M33: 0.0594
B34: Eschscholtzia ES 100 g | C34: 0.51 | D34: 1.01 | E34: HAMAMELIS VIRG. E FOLII | F34: =(52*1.08)/1000 -> 0.05616 | G34: =F34*2 -> 0.11232 | K34: Dixa cassis feuilles coupées 1 kg | L34: 0.029 | M34: 0.0522
B35: Fer orotate 250 g | C35: 0.54 | D35: 1.09 | E35: HARPAGOPHYTUM PROCUM | F35: =(41*1.08)/1000 -> 0.04428 | G35: =F35*2 -> 0.08856 | K35: Dixa centaurée coupée 500 g | L35: 0.031 | M35: 0.0558
B36: Fucus thalle ES 100 g | C36: 0.388 | D36: 0.776 | E36: HEDERA HELIX | F36: =(44*1.08)/1000 -> 0.04752 | G36: =F36*2 -> 0.09504 | K36: Dixa chardon marie herbe coupée 1 kg | L36: 0.023 | M36: 0.0414
B37: Garcinia ES 250g | C37: 0.093 | D37: 0.186 | E37: HIERACIUM PILOSELLA | F37: =(49*1.08)/1000 -> 0.05292 | G37: =F37*2 -> 0.10584 | K37: Dixa chardon marie herbe coupée 1 kg BIO | L37: 0.031 | M37: 0.063
B38: Gattilier fruit ES 100 g | C38: 0.51 | D38: 1.01 | E38: HUMULUS LUPUS | F38: =(44*1.08)/1000 -> 0.04752 | G38: =F38*2 -> 0.09504 | K38: Dixa cimicifuga racines coupées 1 kg | L38: 0.065 | M38: 0.117
B39: Gel de jojoba 1000gr | C39: 0.09 | D39: 0.18 | E39: HYPERICUM PERFORTUM | F39: =(44*1.08)/1000 -> 0.04752 | G39: =F39*2 -> 0.09504 | K39: Dixa citronelle coupée 500 g | L39: 0.02 | M39: 0.036
B40: Gingko biloba ES 100 g | C40: 0.336 | D40: 0.672 | E40: MARUBE (0.125L) | F40: =(39.75*1.08)/125 -> 0.34344 | G40: =F40*2 -> 0.68688 | K40: Dixa coquelicot fleurs coupées 1 kg | L40: 0.077 | M40: 0.1386
B41: Glutamine L 100 g | C41: 0.268 | D41: 0.54 | E41: MELISSA OFFICINALIS | F41: =(44*1.08)/1000 -> 0.04752 | G41: =F41*2 -> 0.09504 | K41: Dixa coriandre concassée 1 kg | L41: 0.013 | M41: 0.0234
B42: Glycérophosphate de magnésium 250g | C42: 0.104 | D42: 0.208 | E42: MENTHA PIPERITA | F42: =(44*1.08)/1000 -> 0.04752 | G42: =F42*2 -> 0.09504 | K42: Dixa cumin des près (carvi) concassé 1 kg | L42: 0.023 | M42: 0.0414
B43: Glycine 100 g | C43: 0.1525 | D43: 0.31 | E43: OLEA EUROPEA | F43: =(44*1.08)/1000 -> 0.04752 | G43: =F43*2 -> 0.09504 | K43: Dixa cumin entier 1 kg | L43: 0.03 | M43: 0.054
B44: Griffonia ES 30% 250 g | C44: 0.69 | D44: 1.38 | E44: PAPAVER 1 DH (0.125L) | F44: =(15.1*1.08)/125 -> 0.130464 | G44: =F44*2 -> 0.260928 | K44: Dixa cumin moulu LMB 1 kg | L44: 0.019 | M44: 0.0342
B45: Griffonia SIM extract 98% 1 kg | C45: 0.43 | D45: 0.86 | E45: PASSIFLORE INCARNATA | F45: =(52*1.08)/1000 -> 0.05616 | G45: =F45*2 -> 0.11232 | K45: Dixa cynorrhodon avec semences coupé 1 kg | L45: 0.013 | M45: 0.0234
B46: Guarana 250g | C46: 0.25 | D46: 0.5 | E46: PELARGONIUM | F46: =(49*1.08)/1000 -> 0.05292 | G46: =F46*2 -> 0.10584 | K46: Dixa damiana feuilles coupées 1 kg | L46: 0.038 | M46: 0.0684
B47: Hamamelis feuille ES 250 g | C47: 0.42 | D47: 0.84 | E47: PELARGONIUM SIDOIDES | F47: =(47*1.08)/1000 -> 0.05076 | G47: =F47*2 -> 0.10152 | K47: Dixa dent-de-lion herbe coupée 1 kg | L47: 0.03 | M47: 0.054
B48: Harpagophytum ES 250 g | C48: 0.25 | D48: 0.49 | E48: PHYTOLACCA AMERICANA | F48: =(44*1.08)/1000 -> 0.04752 | G48: =F48*2 -> 0.09504 | K48: Dixa dent-de-lion racines coupées 500 g | L48: 0.024 | M48: 0.0432
B49: Histidine 100 g | C49: 0.267 | D49: 0.53 | E49: PICEA ABIES E TURIONES | F49: =(49*1.08)/1000 -> 0.05292 | G49: =F49*2 -> 0.10584 | K49: Dixa echinacée pourpre parties aérinne coupés 1 kg | L49: 0.03 | M49: 0.054
B50: Houblon cone ES 250 g | C50: 0.38 | D50: 0.76 | E50: PINUS SYLVESTRIS | F50: =(57*1.08)/1000 -> 0.06156 | G50: =F50*2 -> 0.12312 | K50: Dixa échinacée pourpre racines coupées 500g | L50: 0.087 | M50: 0.1566
B51: Inositol 100 g | C51: 0.175 | D51: 0.35 | E51: POTENTILLA ERECTA | F51: =(57*1.08)/1000 -> 0.06156 | G51: =F51*2 -> 0.12312 | K51: Dixa épilobe fleurs parties aériennes coupées 1 kg | L51: 0.041 | M51: 0.0738
B52: Isoleucine L 100 g | C52: 0.73 | D52: 1.46 | E52: PRIMULA VERIS | F52: =(49*1.08)/1000 -> 0.05292 | G52: =F52*2 -> 0.10584 | K52: Dixa epine vinette écorce coupée 1 kg | L52: 0.05 | M52: 0.09
B53: Jojoba gel 1kg | D53: 0.18 | E53: PROPOLIS TINKTUR | F53: =(52*1.08)/1000 -> 0.05616 | G53: =F53*2 -> 0.11232 | K53: Dixa eschscholtzia parties aériennes coupées 1 kg | L53: 0.086 | M53: 0.1548
B54: Kudzu ES 1 kg | C54: 0.22 | D54: 0.43 | E54: RHODIOLA ROSEA | F54: =(49*1.08)/1000 -> 0.05292 | G54: =F54*2 -> 0.10584 | K54: Dixa étoilée concassé 500 g | L54: 0.045 | M54: 0.081
B55: Kudzu ES 250 g | D55: 0 | E55: RIBES NIGRUM | F55: =(57*1.08)/1000 -> 0.06156 | G55: =F55*2 -> 0.12312 | K55: Dixa eucalyptus feuilles coupées 1 kg | L55: 0.027 | M55: 0.0486
B56: Leucine L 250 g | C56: 0.34 | D56: 0.68 | E56: RUSCUS ACULEATUS | F56: =(52*1.08)/1000 -> 0.05616 | G56: =F56*2 -> 0.11232 | K56: Dixa euphraise parties aériennes coupées 1 kg | L56: 0.035 | M56: 0.063
B57: Lithium orotate monohydrate 250 g | C57: 0.5232 | D57: 1.05 | E57: RUSCUS ACULEATUS D1 | F57: =(44*1.08)/1000 -> 0.04752 | G57: =F57*2 -> 0.09504 | K57: Dixa fenouil doux 1 kg | L57: 0.016 | M57: 0.0288
B58: Lysine L mono CHLTE 100 g | C58: 0.32 | D58: 0.63 | E58: SALIX PURPUREA | F58: =(41*1.08)/1000 -> 0.04428 | G58: =F58*2 -> 0.08856 | K58: Dixa fenouil doux concassé 1 kg | L58: 0.015 | M58: 0.027
B59: Magnesium citrate anhydre 250 g | C59: 0.15 | D59: 0.29 | E59: SALVIA OFFICINALIS | F59: =(44*1.08)/1000 -> 0.04752 | G59: =F59*2 -> 0.09504 | K59: Dixa fenouil doux entier 1 kg | L59: 0.015 | M59: 0.028
B60: Magnesium orotate 2H2O 1 K | C60: 0.15 | D60: 0.3 | E60: SERENOA REPENS | F60: =(59*1.08)/1000 -> 0.06372 | G60: =F60*2 -> 0.12744 | K60: Dixa fénugrec semences entières 1 kg | L60: 0.012 | M60: 0.0216
B61: Marron indes ES 250 g | C61: 0.28 | D61: 0.56 | E61: SILYBUM MARIANUM | F61: =(44*1.08)/1000 -> 0.04752 | G61: =F61*2 -> 0.09504 | K61: Dixa framboisier feuilles coupées 1 kg | L61: 0.022 | M61: 0.0396
B62: Melatonine 25 g | C62: 5.876 | D62: 11.75 | E62: SOLIDAGO VIRGAURE | F62: =(44*1.08)/1000 -> 0.04752 | G62: =F62*2 -> 0.09504 | K62: Dixa frene feuilles coupées 1 kg | L62: 0.04 | M62: 0.072
B63: Melilot 250gr | C63: 0.236 | D63: 0.473 | E63: SPILANTHES OLERACEA | F63: =(52*1.08)/1000 -> 0.05616 | G63: =F63*2 -> 0.11232 | K63: Dixa fumeterre parties aériennes 1 kg | L63: 0.04 | M63: 0.072
B64: Methionin-L 250 g | C64: 0.242 | D64: 0.48 | E64: SYMPHYTUM OFF. AD USUM EXT.NOR | F64: =(52*1.08)/1000 -> 0.05616 | G64: =F64*2 -> 0.11232 | K64: Dixa gattilier fruits entiers 1 kg | L64: 0.02 | M64: 0.036
B65: Minoxidine 50 g | C65: 1.944 | D65: 3.89 | E65: TARAXACUM | F65: =(44*1.08)/1000 -> 0.04752 | G65: =F65*2 -> 0.09504 | K65: Dixa gentiane jaune racines coupées 1 kg | L65: 0.043 | M65: 0.0774
B66: Molybdate Natrium 250gr | C66: 0.006 | D66: 0.12 | E66: THUJA OCCIDENTALIS | F66: =(41*1.08)/1000 -> 0.04428 | G66: =F66*2 -> 0.08856 | K66: Dixa gingembre coupé 1 kg | L66: 0.025 | M66: 0.045
B67: N-Acetylcysteine 100 g | C67: 0.215 | D67: 0.43 | E67: THYMUS VULGARIS | F67: =(41*1.08)/1000 -> 0.04428 | G67: =F67*2 -> 0.08856 | K67: Dixa guimauve racines coupées 1 kg | L67: 0.015 | M67: 0.027
B68: Nystatin 5 g | C68: 8.78 | D68: 17.56 | E68: TILIA (0.125L) | F68: =(27.16*1.08)/125 -> 0.2346624 | G68: =F68*2 -> 0.4693248 | K68: Dixa hamamelis feuilles coupées 1 kg | L68: 0.043 | M68: 0.0774
B69: Orthosiphon feuilles ES 100 g | C69: 0.4 | D69: 0.8 | E69: Trigonella foenumgraceum | F69: =(44*1.08)/1000 -> 0.04752 | G69: =F69*2 -> 0.09504 | K69: Dixa harpagophyton (griffes du diable) racines coupées 1 kg | L69: 0.032 | M69: 0.0576
B70: Passiflore ES 100 g | C70: 0.38 | D70: 0.76 | E70: TROPAEOLUM MAJUS | F70: =(44*1.08)/1000 -> 0.04752 | G70: =F70*2 -> 0.09504 | K70: Dixa ice tea 1 kg | L70: 0.03 | M70: 0.054
B71: Petit houx rhizomes ES 250 g | C71: 0.41 | D71: 0.82 | E71: URTICA URENS | F71: =(57*1.08)/1000 -> 0.06156 | G71: =F71*2 -> 0.12312 | K71: Dixa lavandes fleurs entières 1 kg | L71: 0.025 | M71: 0.045
B72: Phenylalanine L 100 g | C72: 0.39 | D72: 0.77 | E72: VALERIANE OFFICINALIS | F72: =(41*1.08)/1000 -> 0.04428 | G72: =F72*2 -> 0.08856 | K72: Dixa lierre commun feuilles coupées 1 kg | L72: 0.019 | M72: 0.0342
B73: Phenylalanin-L ing 100 g | C73: 0.621 | D73: 1.24 | E73: VISCUM ALBUM | F73: =(44*1.08)/1000 -> 0.04752 | G73: =F73*2 -> 0.09504 | K73: Dixa lin semences moulues 1 kg | L73: 0.01 | M73: 0.018
B74: Pissenlit racine ES 100 g | C74: 0.41 | D74: 0.82 | E74: VITEX AGNUS CASTUS | F74: =(44*1.08)/1000 -> 0.04752 | G74: =F74*2 -> 0.09504 | K74: Dixa livéche racines coupées 500 g | L74: 0.029 | M74: 0.0522
B75: Potassium citrate 250 g | C75: 0.11 | D75: 0.22 | E75: VITIS VINIFERA E FOLIA RUBRA | F75: =(1.08*44)/1000 -> 0.04752 | G75: =F75*2 -> 0.09504 | K75: Dixa lotier cornicule parties aériennes coupées 1 kg | L75: 0.073 | M75: 0.1314
B76: Prele ES 100 g | C76: 0.37 | D76: 0.73 | E76: ZINGIBERUM OFFICINALE | F76: =(44*1.08)/1000 -> 0.04752 | G76: =F76*2 -> 0.09504 | K76: Dixa marjolaine parties aériennes coupées 1 kg | L76: 0.026 | M76: 0.0468
B77: Progesteron mikronisiert 25 g | C77: 2.0604 | D77: 4.12 | E77: ZINGIBERUM OFFICINALE | F77: =26.65/1000 -> 0.02665 | G77: =F77*2 -> 0.0533 | K77: Dixa marron d'inde concasse 1 kg | L77: 0.024 | M77: 0.0432
B78: Quercetine 100gr | C78: 0.808 | D78: 1.7 | K78: Dixa mate feuilles coupées 1 kg | L78: 0.02 | M78: 0.036
B79: Radis noir 250gr | C79: 0.2768 | D79: 0.554 | K79: Dixa mauve fleurs bleues entières 1 kg | L79: 0.096 | M79: 0.1728
B80: Rhodiola ES 250 g | C80: 0.75 | D80: 1.5 | K80: Dixa mauves feuilles coupees 1 kg | L80: 0.025 | M80: 0.045
B81: Romarin feuille ES 50 g | C81: 0.69 | D81: 1.39 | K81: Dixa melilot officinal parties aériennes coup 1 kg | L81: 0.024 | M81: 0.0432
B82: Rutine Rutoside 100gr | C82: 0.81 | D82: 1.62 | K82: Dixa melisse feuilles coupées 1 kg | L82: 0.033 | M82: 0.0594
B83: Taurine 100 g | C83: 0.38 | D83: 0.76 | K83: Dixa menthe poivrée 1 kg | L83: 0.031 | M83: 0.0558
B84: Thé vert feuille ES 250 g | C84: 0.23 | D84: 0.46 | K84: Dixa mille-feuille herbe+Fleurs coupés 500 g | L84: 0.029 | M84: 0.0522
B85: Tretinoin 250 mg | C85: 0.0836 ->1mg | D85: 0.1672->1mg | K85: Dixa millepertuis parties aérinnes coupées 1 kg | L85: 0.015 | M85: 0.027
B86: Tribulus terrest 250gr | C86: 0.3108 | D86: 0.621 | K86: Dixa myrte feuilles coupées 1 kg | L86: 0.036 | M86: 0.0648
B87: Tryptophan-L | C87: 0.87 | D87: 1.74 | K87: Dixa myrtille feuilles 500 g | L87: 0.053 | M87: 0.0954
B88: Tyrosine-L 100 g | C88: 0.076 | D88: 0.15 | K88: Dixa olivier feuilles coupées 1 kg | L88: 0.021 | M88: 0.0378
B89: Vigne rouge feuille ES 100 g | C89: 0.41 | D89: 0.82 | K89: Dixa oranger pétales entières 1 kg | L89: 0.03 | M89: 0.054
B90: Vitamine B6 50 g | C90: 0.35 | D90: 0.7 | K90: Dixa origan vulg. Parties aériennes coupées 500 g | L90: 0.014 | M90: 0.0252
B91: Yam rhizome 250 g | C91: 0.37 | D91: 0.74 | K91: Dixa ortie feuilles coupées 1 kg | L91: 0.018 | M91: 0.0324
B92: Zeolite super smart 250 g | C92: 0.192 | D92: 0.38 | K92: Dixa ortie racines coupées 1 kg | L92: 0.02 | M92: 0.036
B93: Zinc orotate | C93: 0.735 | D93: 1.47 | K93: Dixa ortosiphon: thé de java 500 g | L93: 0.033 | M93: 0.0594
K94: Dixa passiflore herbe coupée 1 kg | L94: 0.026 | M94: 0.0468
K95: Dixa pensée sauvage herbe coupée 1 kg | L95: 0.029 | M95: 0.0522
K96: Dixa pétales de fleur d'oranger 1 kg | L96: 0.03 | M96: 0.054
K97: Dixa piloselle herbe coupée 500 g | L97: 0.035 | M97: 0.063
K98: Dixa pissenlit racines coupées 1 kg | L98: 0.02 | M98: 0.036
K99: Dixa plantain lancéole feuilles coupées 1 kg | L99: 0.021 | M99: 0.0378
K100: Dixa prele des champs herbe coupée 1 kg | L100: 0.014 | M100: 0.0252
...

Sheet ID Labo
A1: Designation | B1: Prix achat TTC CHF | C1: Prix achat chf | D1: Prix vente TTC
A2: pilulier (NU) PET AMBRE 50ml | B2: =32.91/100 -> 0.3291 | C2: =(B2*1.1)+0.00577 -> 0.36778 | D2: =C2*1.08*2 -> 0.7944048
A3: pilulier (NU) PET AMBRE 90/100ml | B3: =39.74/100 -> 0.3974 | C3: =(B3*1.1)+0.00577 -> 0.44291 | D3: =C3*1.08*2 -> 0.9566856
A4: pilulier(NU) PET AMBRE 150 ml | B4: =55.11/100 -> 0.5511 | C4: =(B4*1.1)+0.00577 -> 0.61198 | D4: =C4*1.08*2 -> 1.3218768
A5: pilulier (NU) PET AMBRE 200ml | B5: =59/100 -> 0.59 | C5: =(B5*1.1)+0.00577 -> 0.65477 | D5: =C5*1.08*2 -> 1.4143032
A6: pilulier (NU) PET AMBRE 250ml | B6: =74.23/100 -> 0.7423 | C6: =(B6*1.1)+0.00577 -> 0.8223 | D6: =C6*1.08*2 -> 1.776168
A7: Couvercle blanc pilulier diam.43 | B7: =51.72/500 -> 0.10344 | C7: =(B7*1.1)+0.00577 -> 0.119554 | D7: =C7*1.08*2 -> 0.25823664
A8: Flacon verre jaune 20 ml DIN 18 | B8: =17.45/96 -> 0.18177083 | C8: =(B8*1.1)+0.00577 -> 0.20571792 | D8: =C8*1.08*2 -> 0.4443507
A9: Flacon verre jaune 30ml DIN 18 | B9: =16.98/80 -> 0.21225 | C9: =(B9*1.1)+0.00577 -> 0.239245 | D9: =C9*1.08*2 -> 0.5167692
A10: CODI-GOUTTES NOIR DIN 18 (HE) Inviolable | B10: =20.26/100 -> 0.2026 | C10: =(B10*1.1)+0.00577 -> 0.22863 | D10: =C10*1.08*2 -> 0.4938408
A11: Pompe buccal + Pompe pour flacon. DIN18 | B11: =151.225/100 -> 1.51225 | C11: =(B11*1.1)+0.00577 -> 1.669245 | D11: =C11*1.08*2 -> 3.6055692
A12: Pompe externe pour flacon DIN 18 | B12: =60/50 -> 1.2 | C12: =(B12*1.1)+0.00577 -> 1.32577 | D12: =C12*1.08*2 -> 2.8636632
A13: Flacon VERRE Jaune 30ml OBUS (bague 28) | B13: =10.33/60 -> 0.17216667 | C13: =(B13*1.1)+0.00577 -> 0.19515333 | D13: =C13*1.08*2 -> 0.4215312
A14: Flacon VERRE Jaune 60ml OBUS (bague28) | B14: =12.75/52 -> 0.24519231 | C14: =(B14*1.1)+0.00577 -> 0.27548154 | D14: =C14*1.08*2 -> 0.59504012
A15: Flacon VERRE Jaune 100ml ONUS (bague28) | B15: =21.2/86 -> 0.24651163 | C15: =(B15*1.1)+0.00577 -> 0.27693279 | D15: =C15*1.08*2 -> 0.59817483
A16: Flacon VERRE Jaune 150ml OBUS (bague28) | B16: =21.97/88 -> 0.24965909 | C16: =(B16*1.1)+0.00577 -> 0.280395 | D16: =C16*1.08*2 -> 0.6056532
A17: Flacon VERRE Jaune 200ml OBUS (bague28) | B17: =55.09/134 -> 0.4111194 | C17: =(B17*1.1)+0.00577 -> 0.45800134 | D17: =C17*1.08*2 -> 0.9892829
A18: Flacon VERRE Jaune 250ml OBUS (bague28) | B18: =50.06/120 -> 0.41716667 | C18: =(B18*1.1)+0.00577 -> 0.46465333 | D18: =C18*1.08*2 -> 1.0036512
A19: Flacon VERRE Jaune 300ml OBUS (bague28) | B19: =53.49/96 -> 0.5571875 | C19: =(B19*1.1)+0.00577 -> 0.61867625 | D19: =C19*1.08*2 -> 1.3363407
A20: Capsule inviolable Bague naturelle | B20: =96.86/600 -> 0.16143333 | C20: =(B20*1.1)+0.00577 -> 0.18334667 | D20: =C20*1.08*2 -> 0.3960288
A21: Gelule Vegetal N°0 CLEAR | B21: =39.66/2000 -> 0.01983 | C21: =(B21*1.1)+0.00577 -> 0.027583 | D21: =C21*1.08*2 -> 0.05957928
A22: Gelule Vegetal N°00 CLEAR | B22: =53.36/2000 -> 0.02668 | C22: =(B22*1.1)+0.00577 -> 0.035118 | D22: =C22*1.08*2 -> 0.07585488
A23: Gelule Vegetale N°1 Blanc | B23: =36.26/2000 -> 0.01813 | C23: =(B23*1.1)+0.00577 -> 0.025713 | D23: =C23*1.08*2 -> 0.05554008
A24: Gelule N°00 Clear | B24: =30.88/2000 -> 0.01544 | C24: =(B24*1.1)+0.00577 -> 0.022754 | D24: =C24*1.08*2 -> 0.04914864
A25: Gelule N°0 Clear | B25: =20.32/2000 -> 0.01016 | C25: =(B25*1.1)+0.00577 -> 0.016946 | D25: =C25*1.08*2 -> 0.03660336
A26: Gelule N°1 (anwender) | C26: 0.02 | D26: 0.04
A27: Gelule N°2 Clear | B27: =18.8/2000 -> 0.0094 | C27: =(B27*1.1)+0.00577 -> 0.01611 | D27: =C27*1.08*2 -> 0.0347976
A28: Gelule N°3 (anwender) | C28: 0.015 | D28: 0.03
A29: Gelule N°4 Clear | B29: =17.7/2000 -> 0.00885 | C29: =(B29*1.1)+0.00577 -> 0.015505 | D29: =C29*1.08*2 -> 0.0334908
A30: Gelule N°5 (anwender) | C30: 0.0375 | D30: 0.075
A31: Pac de 6 Suppo 2grs | B31: =91.63/100 -> 0.9163 | C31: =(B31*1.1)+0.00577 -> 1.0137 | D31: =C31*1.08*2 -> 2.189592
A32: Etui pour 1 pac suppo 1 ou 2 gr | B32: =6.86/20 -> 0.343 | C32: =(B32*1.1)+0.00577 -> 0.38307 | D32: =C32*1.08*2 -> 0.8274312
A33: Etui pour 2 pacs suppo 1 ou 2 gr | B33: =8.23/20 -> 0.4115 | C33: =(B33*1.1)+0.00577 -> 0.45842 | D33: =C33*1.08*2 -> 0.9901872
A34: Pac de 6 ovules + plaque d'obturqtion | B34: =63.2/50 -> 1.264 | C34: =(B34*1.1)+0.00577 -> 1.39617 | D34: =C34*1.08*2 -> 3.0157272
A35: Etui pour pac 6 ovules | B35: =18.31/50 -> 0.3662 | C35: =(B35*1.1)+0.00577 -> 0.40859 | D35: =C35*1.08*2 -> 0.8825544
A36: Pot TAMPER Tainer 350ml (pot seul) | B36: =99.91/100 -> 0.9991 | C36: =(B36*1.1)+0.00577 -> 1.10478 | D36: =C36*1.08*2 -> 2.3863248
A37: Seringue homeopathique | C37: =(46.8/200)+0.00577 -> 0.23977 | D37: =C37*1.08*2 -> 0.5179032
A38: Flacon en verre compte goutte 50 ml | B38: 0.9 | C38: =D38/2 -> 0.45 | D38: 0.9
A39: Flacon en verre rond avec bouchon rouge 50 ml | B39: 2 | C39: =D39/2 -> 1 | D39: 2
A40: Flacon en verre rond avec bouchon rouge 100 ml | B40: 2.2 | C40: =D40/2 -> 1.1 | D40: 2.2
A41: Flacon en verre rond avec bouchon rouge 150ml | B41: 2.5 | C41: =D41/2 -> 1.25 | D41: 2.5
A42: Flacon en verre rond avec bouchon rouge 200 ml | B42: 2.7 | C42: =D42/2 -> 1.35 | D42: 2.7
A43: Flacon en verre rond avec bouchon rouge 250 ml | B43: 3 | C43: =D43/2 -> 1.5 | D43: 3
A44: Flacon en verre rond avec bouchon rouge 300 ml | B44: 3.7 | C44: =D44/2 -> 1.85 | D44: 3.7
A45: Flacon en plastique brun 100 ml | B45: 2.4 | C45: =D45/2 -> 1.2 | D45: 2.4
A46: Flacon en verre + goulot compte goutte 10 ml | B46: 2.2 | C46: =D46/2 -> 1.1 | D46: 2.2
A47: Flacon en verre + goulot compte goutte 100 ml | B47: 2.45 | C47: =D47/2 -> 1.225 | D47: 2.45
A48: Flacon en verre + goulot compte goutte 50 ml | B48: 2.45 | C48: =D48/2 -> 1.225 | D48: 2.45
A49: Nebulisateur pour spray bucal blanc /50 ml | B49: 2.5 | C49: =D49/2 -> 1.25 | D49: 2.5
... A56: Poudrier en verre avec capsules 100ml | B56: 1.8 | C56: =D56/2 -> 0.9 | D56: 1.8

Sheet Feuil3

Sheet Main d'oeuvre et autre frais
B1: Gelules | D1: tisane | F1: TMf
A2: Gelules | B2: Cout par minute | C2: =0.36 -> 0.36 | D2: petit sachet | E2: =8.9*1.025 -> 9.1225 | F2: Frais preparation | G2: 13
A3: tisane | B3: Frais par serie gelule | C3: 26 | D3: moyen sachet | E3: =10.2*1.025 -> 10.455
A4: TMf | D4: grand sachet | E4: =10.2*1.025 -> 10.455
